 Dungeon Crawl Stone Soup version 0.29-a0-1065-g47a6bb8 (webtiles) character file.

Game seed: 10397064674618803026

4 XZede the Grasshopper (level 1, -1/17 HPs)
             Began as a Draconian Warper on Aug 18, 2022.
             Slain by a goblin
             ... wielding a +0 club
              (3 damage)
             ... on level 1 of the Dungeon.
             The game lasted 00:01:44 (149 turns).

XZede the Grasshopper (Draconian Warper)             Turns: 149, Time: 00:01:45

Health: -1/17      AC:  4    Str: 13    XL:     1   Next: 58%
Magic:  3/3        EV: 12    Int: 13    God:
Gold:   14         SH:  0    Dex: 10    Spells: 4/4 levels left

rFire   . . .      SeeInvis .   a - +0 spear
rCold   . . .      Faith    .   (no shield)
rNeg    . . .      Spirit   .   (body armour unavailable)
rPois   .          Reflect  .   (helmet restricted)
rElec   .          Harm     .   (no cloak)
rCorr   .          Rampage  .   (no gloves)
Will    .....                   (no boots)
Stlth   +.........              (no amulet)
HPRegen 0.05/turn               (no ring)
MPRegen 0.08/turn               (no ring)

@: no status effects
A: AC +4, unfitting armour, cold-blooded
a: no special abilities


You were on level 1 of the Dungeon.
You visited 1 branch of the dungeon, and saw 2 of its levels.

You collected 14 gold pieces.

Inventory:

Hand Weapons
 a - a +0 spear (weapon)
Missiles
 c - 7 boomerangs of dispersal (quivered)
Scrolls
 b - a scroll of blinking


   Skills:
 + Level 2.2 Fighting
 * Level 2.1 Polearms
 + Level 1.0 Throwing
 + Level 2.1 Dodging
 + Level 2.0 Spellcasting
 + Level 3.0 Translocations


You had 4 spell levels left.
You didn't know any spells.
Your spell library contained the following spells:

 Spells                   Type           Power      Damage    Failure   Level
 Blink                    Tloc           18%        N/A       11%         2
 Gell's Gravitas          Tloc           9%         N/A       22%         3
 Lesser Beckoning         Tloc           9%         N/A       22%         3
 Teleport Other           Tloc           9%         N/A       22%         3
 Magic Dart               Conj           4%         1d3       26%         1
 Manifold Assault         Tloc           9%         N/A       90%         5
 Lightning Bolt           Conj/Air       0%         1d11      100%        5
 Discord                  Hex            0%         N/A       100%        8


Dungeon Overview and Level Annotations

Branches:
Dungeon (2/15)

Altars:


Innate Abilities, Weirdness & Mutations

Your plain brown scales are hard. (AC +4)
You cannot fit into any form of body armour.
You are cold-blooded and may be slowed by cold attacks.


Message History

The ball python constricts you. The rat misses you. The quokka bites you.
You hit the ball python.
You kill the ball python!
The quokka bites you but does no damage.
The rat bites you.
Your Throwing skill increases to level 1!
You hit the rat.
You kill the rat!
The quokka barely misses you. The goblin hits you but does no damage.
You barely miss the goblin. The quokka barely misses you.
The goblin barely misses you.
You closely miss the ball python. The quokka bites you.
The ball python closely misses you. The ball python grabs you.
The ball python constricts you. The goblin hits you with a +0 club.
* * * LOW HITPOINT WARNING * * *
You escape the ball python's grasp.
The goblin attacks as you move away! The goblin barely misses you.
The quokka bites you.
* * * LOW HITPOINT WARNING * * *
The ball python attacks as you move away!
The ball python bites you but does no damage.
The ball python misses you.
The ball python attacks as you move away!
The ball python bites you but does no damage.
The ball python barely misses you.
The quokka twitches its whiskers.
The ball python misses you. The ball python closely misses you.
The quokka bites you but does no damage.
The ball python closely misses you. x2; The quokka misses you.
There is a stone staircase leading down here.
Unknown command.
The ball python bites you but does no damage.
The ball python barely misses you.
The quokka bites you but does no damage.
You climb downwards.
There is a stone staircase leading up here.
The ball python bites you but does no damage.
The ball python barely misses you.
The quokka bites you but does no damage.
You climb upwards.
The goblin hits you with a +0 club.
You die...

... #....#.# .... #.....
....# #.†.## ### ...#
#....# ##8######..##....#
####
..<....###!.#....#####....
.........##...##....#..#
..........##.....S....#
...........##...@r...##
.####......#####g...## ##
###.....# #....# ##§§§§#
#....# ##§§§# #.####
#§§.## #.# ##§.8# #.#
#..## #.# #..# #.#


You could see a quokka, a goblin and a ball python.

Vanquished Creatures
  A ball python (D:1)
  A bat (D:1)
  A hobgoblin (D:1)
  A rat (D:1)
4 creatures vanquished.

Notes
Turn   | Place    | Note
-------+----------+-------------------------------------------
     0 | D:1      | XZede the Draconian Warper began the quest for the Orb.
     0 | D:1      | Reached XP level 1. HP: 17/17 MP: 3/3
   107 | D:1      | Got Adghenoss's Volume of Excruciating Enchantment
   137 | D:1      | Reached skill level 1 in Throwing
   149 | D:1      | Slain by a goblin

Illustrated notes

Levels and vault maps discovered:
D:1:      heliophobic_arrival_dark_side_of_the_moon, layout_basic,
          columned_hall_lemuel
D:2:      layout_rooms, hellmonk_ecumenical_altar_lost_god

Skill      XL: |  1 |
---------------+----+-----
Throwing       | 1 |  1.0
Fighting       | |  2.2
Polearms       | |  2.1
Dodging        | |  2.1
Spellcasting   | |  2.0
Translocations | |  3.0

Action                   || total
-------------------------++-------
Melee: Spear             ||    19
       Tailslap          ||     1
Armor: Skin              ||    16
Dodge: Dodged            ||    29

Table legend: (Time is in decaauts)
 A = Elapsed time spent in this place.
 B = Non-inter-level travel time spent in this place.
 C = Inter-level travel time spent in this place.
 D = Time resting spent in this place.
 E = Time spent auto-exploring this place.
 F = Levels seen in this place.
 G = Mean time per level.
                   A        B        C        D        E       F      G
               +--------+--------+--------+--------+--------+-----+--------+
         Total |    148 |    148 |      0 |      0 |    107 |   2 |   74.0 |
       Dungeon |    148 |    148 |      0 |      0 |    107 |   2 |   74.0 |
               +--------+--------+--------+--------+--------+-----+--------+

Top non-repeatable levels by time:
     D:1: 147 daAuts
     D:2: 1 daAuts
